 Dungeon Crawl Stone Soup version 0.30.1-4-g462c640d31 (webtiles) character file.

Game seed: 2373901809388432754

244 arthad the Vexing (level 5, -1/26 HPs)
             Began as a Spriggan Hexslinger on Aug 18, 2023.
             Was an Initiate of Gozag.
             Killed by nerve-wracking pain
             ... invoked by Grinder
              (14 damage)
             ... on level 4 of the Dungeon.
             The game lasted 00:06:54 (2785 turns).

arthad the Vexing (Spriggan Hexslinger)             Turns: 2785, Time: 00:06:55

Health: -1/26      AC:  2    Str:  9    XL:     5   Next: 83%
Magic:  4/11       EV: 24    Int: 16    God:    Gozag
Gold:   185        SH:  0    Dex: 18    Spells: 0/10 levels left

rFire   . . .        a - +1 sling
rCold   . . .        (no shield)
rNeg    . . .        c - +0 robe
rPois   .            (helmet restricted)
rElec   .            (no cloak)
rCorr   .            (gloves unavailable)
SInv    +            (boots unavailable)
Will    .....        t - amulet of regeneration
Stlth   ++           s - ring of the Fortifying Gods {Wiz Drain Str+3 Int+2 Slay+3}
HPRegen 1.04/turn    y - +5 ring of evasion
MPRegen 0.12/turn

%: wizardry (x1)
@: very quick
A: very small, no large weapons, unfitting armour, see invisible, speed 3
a: Renounce Religion, Potion Petition, Call Merchant, Bribe Branch


You were on level 4 of the Dungeon.
You worshipped Gozag.
Gozag was aware of your devotion.
You visited 2 branches of the dungeon, and saw 5 of its levels.

You collected 256 gold pieces.
You paid 71 gold pieces to Gozag.

Inventory:

Hand Weapons
 a - a +1 sling (weapon)
 f - a +1 whip of venom
 k - a +2 vampiric hand axe
 u - a +4 short sword
Armour
 c - a +0 robe (worn)
Jewellery
 h - a ring of see invisible
 s - the ring of the Fortifying Gods (left hand) {Wiz Drain Str+3 Int+2 Slay+3}
   (You found it on level 3 of the Dungeon)

   [ring of wizardry]

   It improves your spell success rate.
   Str:       It affects your strength (+3).
   Int:       It affects your intelligence (+2).
   Slay:      It affects your accuracy & damage with ranged weapons and melee
   (+3).
   Drain:     It drains your maximum health when unequipped.
 t - an amulet of regeneration (around neck)
 x - the amulet "Zaelatask" {Faith Rampage Str+3 Int-4}
   (You found it on level 3 of the Dungeon)

   [amulet of faith]

   It allows you to gain divine favour quickly.
   Str:       It affects your strength (+3).
   Int:       It affects your intelligence (-4).
   Rampage:   It bestows one free step when moving towards enemies.
 y - a +5 ring of evasion (right hand)
Scrolls
 b - a scroll of poison
 e - a scroll of blinking {unknown}
 i - 3 scrolls of identify {unknown}
 j - 4 scrolls of enchant weapon {unknown}
 l - a scroll of teleportation {unknown}
 m - a scroll of amnesia {unknown}
 n - a scroll of noise {unknown}
 p - 3 scrolls of enchant armour {unknown}
 r - a scroll of butterflies {unknown}
 z - a scroll of fear {unknown}
Potions
 d - a potion of heal wounds {unknown}
 g - 2 potions of might {unknown}
 o - 4 potions of curing {unknown}
 q - a potion of attraction {unknown}
 v - a potion of mutation {unknown}
 w - 2 potions of flight {unknown}


   Skills:
 * Level 2.0 Fighting
 * Level 3.1 Ranged Weapons
 * Level 4.0 Dodging
 + Level 2.4 Stealth
 * Level 3.3 Spellcasting
 + Level 4.2 Hexes
 + Level 2.0 Translocations


You couldn't memorise any spells.
You knew the following spells:

 Your Spells              Type           Power      Damage    Failure   Level
a - Slow                  Hex            64%        N/A       1%          1
b - Tukima's Dance        Hex            16%        N/A       4%          3
c - Portal Projectile     Hex/Tloc       24%        N/A       6%          3
d - Inner Flame           Hex/Fire       9%         N/A       9%          3

Your spell library contained the following spells:

 Spells                   Type           Power      Damage    Failure   Level
 Cause Fear               Hex            8%         N/A       12%         4
 Call Canine Familiar     Summ           2%         N/A       21%         3
 Leda's Liquefaction      Hex/Erth       4%         N/A       28%         4
 Alistair's Intoxication  Tmut/Pois      1%         N/A       86%         5
 Blade Hands              Tmut           1%         N/A       86%         5
 Borgnjor's Vile Clutch   Necr/Erth      1%         N/A       86%         5
 Eringya's Noxious Bog    Tmut/Pois      1%         N/A       100%        6


Dungeon Overview and Level Annotations

Branches:
Dungeon (4/15)             Temple (1/1) D:4

Altars:
Cheibriados
Dithmenos
Elyvilon
Gozag
Makhleb
Nemelex Xobeh
Okawaru
Ru
Vehumet
Wu Jian
Xom
Zin

Annotations:
D:4 Grinder


Innate Abilities, Weirdness & Mutations

You are very small and have problems with some larger weapons.
You are too small for most types of armour.
You have supernaturally acute eyesight. (SInv)
You cover ground extremely quickly. (Speed+++)


Message History

Aiming: Slow (safe; 1% risk of failure)
Press: ? - help, Q - select action, (/) - cycle Shift-Dir - straight line, f/p - Grinder
Aim: Grinder (severely wounded, fast, slow, chance to affect: 50%)
Okay, then.
Casting: Slow (safe; 1% risk of failure)
Confirm with . or Enter, or press ? or * to list all spells.
Aiming: Tukima's Dance (quite dangerous; 4% risk of failure)
Press: ? - help, Shift-Dir - straight line, f/p - Grinder
Aim: Grinder (severely wounded, fast, slow, not susceptible)
Okay, then.
Unknown command.
Unknown command.
You aren't carrying any items that you can evoke.
Fire: a) +1 sling
Press: ? - help, Shift-Dir - straight line, f/p - Grinder
Aim: Grinder (severely wounded, fast, slow, 62% to hit)
You shoot a sling bullet.
The sling bullet closely misses Grinder.
Grinder gestures at you.
You suddenly lose the ability to move!
Grinder hits you! Grinder gestures at you. You resist with some effort.
Grinder gestures at you. You resist with some effort.
You can move again.
Unknown command.
Unknown command.
Casting: Tukima's Dance (quite dangerous; 4% risk of failure)
Confirm with . or Enter, or press ? or * to list all spells.
Okay, then.
Unknown command.
Okay, then.
Grinder gestures at you. You resist with some effort. Grinder gestures at you.
Pain shoots through your body!
Ouch! That really hurt!
You die...
Your body crumbles into a pile of gold.

##.............................
###......#.......................
#....#...##......................
...##......#..............>......
...# ##...#.............#.#.#....
..)# ##..............##..#.#....
#...# ##..............#..........
#...###..........................
##........###...@.....#.##.......
#........#...........#........<#
..###....#...........#.....####
#.....5..##........>.## #
#>.....#..............# #
#.....##.........#..##.#
#....####.......#....#.#
#.....#.#..#....###...##
.....###..##....# ##...##


You could see Grinder (fast, slow).

Vanquished Creatures
  A scorpion (D:4)
  An orc priest (D:3)
  An orc wizard (D:3)
  Terence (D:2)
  4 adders (D:3)
  A white imp (D:3)
  2 worms
  4 orcs (D:3)
  5 ball pythons
  2 endoplasms
  5 giant cockroaches
  3 goblins
  6 hobgoblins
  A quokka (D:4)
  2 bats
  3 frilled lizards
  7 kobolds
  3 rats (D:3)
52 creatures vanquished.

Notes
Turn   | Place    | Note
-------+----------+-------------------------------------------
     0 | D:1      | arthad the Spriggan Hexslinger began the quest for the Orb.
     0 | D:1      | Reached XP level 1. HP: 9/9 MP: 3/3
     6 | D:1      | Noticed a black bear
     6 | D:1      | Noticed a rime drake
     6 | D:1      | Noticed a lindwurm
     7 | D:1      | Noticed an iguana
   389 | D:1      | Reached skill level 1 in Fighting
   486 | D:1      | Reached XP level 2. HP: 14/14 MP: 5/5
   707 | D:2      | Noticed Terence
   759 | D:2      | Killed Terence
   760 | D:2      | Reached skill level 1 in Stealth
   760 | D:2      | Reached XP level 3. HP: 18/18 MP: 4/7
  1024 | D:2      | Reached skill level 1 in Translocations
  1043 | D:2      | Found a radiant altar of Vehumet.
  1431 | D:3      | Identified the ring of the Fortifying Gods {Wiz Drain Str+3
                  | Int+2 Slay+3}
  1535 | D:3      | Reached XP level 4. HP: 22/22 MP: 8/8
  1535 | D:3      | Found a glowing silver altar of Zin.
  1651 | D:3      | Found a shimmering altar of Xom.
  1700 | D:3      | Identified the amulet "Zaelatask" {Faith Rampage Str+3
                  | Int-4}
  1814 | D:3      | Reached XP level 5. HP: 26/26 MP: 10/10
  2266 | D:4      | Learned a level 3 spell: Tukima's Dance
  2270 | D:4      | Learned a level 3 spell: Portal Projectile
  2274 | D:4      | Learned a level 3 spell: Inner Flame
  2395 | D:4      | Found a staircase to the Ecumenical Temple.
  2444 | Temple   | Entered the Ecumenical Temple
  2489 | Temple   | Became a worshipper of Gozag Ym Sagoz the Greedy
  2757 | D:4      | Noticed Grinder
  2777 | D:4      | Paralysed by Grinder for 5 turns
  2785 | D:4      | Killed from afar by Grinder

Illustrated notes

Levels and vault maps discovered:
D:1:      onia_arrival_zoo_common, layout_loops_ring,
          corexii_item_surrounded_by_moat, minmay_misc_feat_more_columns,
          minmay_worlds_worst_comb
D:2:      layout_loops_ring, basic_altar, minmay_misc_feat_columns, uniq_terence
D:3:      minmay_chambers_of_twos, layout_loops_ring, zin_academy,
          amcnicky_altar_gilded
D:4:      layout_layer_cave, minmay_temple_entry_mini_moons,
          minmay_increasing_density, uniq_grinder
Temple:   jpeg_temple_island

Skill      XL: |  1  2  3  4  5 |
---------------+----------------+-----
Fighting       | 1 2 |  2.0
Dodging        | 3 4 |  4.0
Stealth        | 1 2 |  2.4
Spellcasting   | 2 3 |  3.3
Translocations | 1 2 |  2.0
Hexes          | 4 |  4.2
Ranged Weapons | 3 |  3.1

Action                     |  1- 3 |  4- 6 || total
---------------------------+-------+-------++-------
   Fire: Sling             |    78 |   105 ||   183
   Cast: Slow              |     9 |     6 ||    15
         Portal Projectile |       |     1 ||     1
 Armour: Robe              |     1 |     3 ||     4
  Dodge: Dodged            |    21 |    37 ||    58
